 Dungeon Crawl Stone Soup version 0.20.1-1-g8b1a95d (webtiles) character file.

178639 lorenzova the Eclecticist (level 17, -7/80 HPs)
             Began as a Deep Elf Conjurer on Oct 27, 2017.
             Was a High Priest of Sif Muna.
             Killed from afar by a blizzard demon (21 damage)
             ... with a bolt of lightning
             ... summoned by Asterion
             ... on level 4 of the Spider Nest on Oct 29, 2017.
             The game lasted 03:06:28 (50534 turns).

lorenzova the Eclecticist (Deep Elf Conjurer)      Turns: 50534, Time: 03:06:29

Health: -7/80      AC: 19    Str:  9    XL:     17   Next: 58%
Magic:  14/52      EV:  8    Int: 32    God:    Sif Muna [*****.]
Gold:   2732       SH:  6    Dex: 19    Spells: 3/57 levels left

rFire    . . .     SeeInvis +   f - +1 hand axe of Makhleb's Regard {vamp, rPois SInv Stlth-} (curse)
rCold    x . .     Gourm    .   w - +2 buckler
rNeg     . . .     Faith    .   t - +5 scale mail of Yxturr {MR+ Str+4}
rPois    +         Spirit   .   U - +2 hat
rElec    .         Reflect  .   (no cloak)
rCorr    .         Harm     .   n - +0 pair of gloves {archery}
MR       ++...                  T - +2 pair of boots
Stlth    ..........             A - amulet of magic regeneration
Regen    0.3/turn               M - ring of magical power
MPRegen  0.5/turn               a - ring of the Insatiable Gods {rC- Int+4 Dex+4 Slay+4 SInv}

@: liquid flames, hasted, glowing, heavily drained, deflect missiles, very quick
A: no striking features
a: Divine Energy, Channel Magic, Forget Spell, Renounce Religion


You were on level 4 of the Spider Nest.
You worshipped Sif Muna.
Sif Muna was extremely pleased with you.
You were hungry.

You visited 5 branches of the dungeon, and saw 29 of its levels.
You also visited: Labyrinth and Wizlab.

You collected 3672 gold pieces.
You spent 940 gold pieces at shops.

Inventory:

Hand Weapons
 f - the cursed +1 hand axe of Makhleb's Regard (weapon) {vamp, rPois SInv Stlth-}
   (You bought it in a shop on level 6 of the Dungeon)

   It inflicts no extra harm, but heals its wielder when it wounds a living foe.
   It protects you from poison.
   It lets you see invisible.
   It makes you less stealthy.
   It has a curse placed upon it.
Armour
 k - a +2 ring mail of fire resistance
 n - a +0 pair of gloves of archery (worn)
 t - the +5 scale mail of Yxturr (worn) {MR+ Str+4}
   (You found it on level 10 of the Dungeon)

   It affects your strength (+4).
   It affects your resistance to hostile enchantments.
 w - a +2 buckler (worn)
 T - a +2 pair of boots (worn)
 U - a +2 hat (worn)
 Z - a +3 leather armour of cold resistance
Magical Staves
 s - an uncursed staff of wizardry
 v - an uncursed staff of cold {unknown}
 D - an uncursed staff of fire
Jewellery
 a - the ring of the Insatiable Gods (right hand) {rC- Int+4 Dex+4 Slay+4 SInv}
   (You acquired it on level 1 of the Lair of Beasts)

   [ring of see invisible]

   It affects your intelligence (+4).
   It affects your dexterity (+4).
   It affects your accuracy and damage with ranged weapons and melee attacks
   (+4).
   It makes you vulnerable to cold.
   It lets you see invisible.
 A - an amulet of magic regeneration (around neck)
 C - an uncursed ring of wizardry
 M - a ring of magical power (left hand)
 O - an uncursed ring of protection from cold
 R - an uncursed ring of stealth
 X - an uncursed ring of protection from fire
Wands
 g - a wand of disintegration (6/24)
 H - a wand of digging (9/24)
Scrolls
 h - 3 scrolls of enchant armour
 i - 7 scrolls of teleportation
 o - 5 scrolls of amnesia
 p - 4 scrolls of magic mapping
 q - 2 scrolls of brand weapon {unknown}
 r - 5 scrolls of enchant weapon
 u - 3 scrolls of recharging
 y - 10 scrolls of remove curse
 z - 3 scrolls of fear
 E - a scroll of silence
Potions
 e - 2 potions of magic
 j - a potion of agility
 m - 2 potions of cancellation
 x - 3 potions of flight
 B - 4 potions of heal wounds
 G - a potion of ambrosia
 J - 7 potions of curing
 K - 4 potions of haste
 L - 5 potions of brilliance
 N - 7 potions of lignification
 P - 2 potions of berserk rage
 Q - 2 potions of might
 W - a potion of resistance
Books
 b - a book of Enchantments

   Spells                             Type                      Level
   a - Cause Fear                     Hexes                        4
   b - Yara's Violent Unravelling     Hexes/Transmutation          5
   c - Silence                        Hexes/Air                    5
   d - Deflect Missiles               Charms/Air                   6
   e - Discord                        Hexes                        8
 F - Sif Muna's Reference Book on Mutagenic Calling
   (Sif Muna gifted it to you on level 2 of the Spider Nest)

   Spells                             Type                      Level
   a - Ignite Poison                  Fire/Transmutation/Poison    3
   b - Spider Form                    Transmutation/Poison         3
   c - Statue Form                    Transmutation/Earth          6
   d - Spellforged Servitor           Conjuration/Summoning        7
   e - Malign Gateway                 Summoning/Translocation      7
   f - Summon Hydra                   Summoning                    7
   g - Summon Horrible Things         Summoning                    8
 S - Sif Muna's Grimoire of Conjuration
   (Sif Muna gifted it to you on level 4 of the Spider Nest)

   Spells                             Type                      Level
   a - Sticky Flame                   Conjuration/Fire             4
   b - Bolt of Fire                   Conjuration/Fire             6
   c - Freezing Cloud                 Conjuration/Ice/Air          6
   d - Orb of Destruction             Conjuration                  7
 Y - Sif Muna's Catalogue of Battle Magic and the Volcanoes
   (Sif Muna gifted it to you on level 9 of the Dungeon)

   Spells                             Type                      Level
   a - Lightning Bolt                 Conjuration/Air              5
   b - Conjure Ball Lightning         Conjuration/Air              6
   c - Spellforged Servitor           Conjuration/Summoning        7
   d - Fire Storm                     Conjuration/Fire             9
Comestibles
 c - 17 bread rations
 d - 13 royal jellies
 l - 13 meat rations
 I - 17 fruits


   Skills:
 - Level 7.2(5.9) Armour
 - Level 2.8(1.7) Dodging
 - Level 2.4(1.3) Stealth
 * Level 20.7(19.0) Spellcasting
 * Level 18.4(16.8) Conjurations
 - Level 8.3(7.0) Hexes
 - Level 10.1(8.7) Charms
 + Level 8.7(7.4) Translocations
 * Level 12.4(11.0) Fire Magic
 - Level 7.1(5.9) Air Magic
 - Level 8.8(7.5) Invocations


You had 3 spell levels left.
You knew the following spells:

 Your Spells              Type           Power        Failure   Level  Hunger
a - Magic Dart            Conj           ####         0%          1    None
b - Iskenderun's Battles  Conj/Chrm      #######.     1%          5    None
c - Iskenderun's Mystic   Conj           #######.     1%          4    None
d - Fulminant Prism       Conj/Hex       #######...   1%          4    None
e - Searing Ray           Conj           ######       1%          2    None
f - Fireball              Conj/Fire      #######...   1%          5    None
g - Deflect Missiles      Chrm/Air       ######....   69%         6    None
h - Swiftness             Chrm/Air       ######..     1%          2    None
i - Portal Projectile     Hex/Tloc       ######       1%          3    None
l - Lightning Bolt        Conj/Air       #######...   3%          5    None
n - Bolt of Fire          Conj/Fire      #######...   7%          6    None
o - Orb of Destruction    Conj           #######...   11%         7    ###....
s - Sticky Flame          Conj/Fire      #######.     1%          4    None


Dungeon Overview and Level Annotations

Branches:
Dungeon (15/15)            Temple (0/1) D:7            Lair (6/6) D:11
 Shoals (0/4) Lair:3       Spider (4/4) Lair:3        Slime (0/5) Lair:6
    Orc (2/2) D:9             Elf (2/3) Orc:2        Vaults (0/5) D:13
 Depths (0/5) D:15

Altars:
Ashenzari
Fedhas
Makhleb
Nemelex Xobeh
Sif Muna
Uskayaw
Beogh

Shops:
D:4 }   D:6 *   D:10 [   Orc:2 :(%(

Portals:
Hell: Lair:6

Annotations:
D:3 bgiannan's ghost, amateur BaFi
Spider:4 Asterion
Elf:2 Andry07's ghost, adept GrFi


Message History

Asterion hits you with a demon blade of draining!
You feel drained. Asterion gores you but does no damage.
The blizzard demon closely misses you. You block the blizzard demon's attack.
The blizzard demon gestures at you. The bolt of lightning hits you!
* * * LOW HITPOINT WARNING * * *
Asterion says, "Your valuables will do nicely in my coffers."
The orb of destruction hits the blizzard demon.
The blizzard demon is severely wounded.
The blizzard demon gestures at you. The bolt of lightning misses you.
You block Asterion's attack. Asterion gores you but does no damage.
Asterion conjures a destructive force in the name of Makhleb!
The sticky flame hits you!
You are covered in liquid flames!
You are covered in liquid flames!
* * * LOW HITPOINT WARNING * * *
The blizzard demon gestures at you. The bolt of lightning hits you!
You die...

#. #^..##.....#.###.......### ..
...##.........#...##.........##..
.............##.............###..
...)^....^...##....^.......####..
^..$...................^....^....
.......##.................s..<...
."....# #........................
.......##........................
........###.....@................
........^##......................
......#^.#...H...................
.................................
..............................s.
................................
................................
#.....^..2....^.^...............
#.....<.ยง......................


You could see Asterion and a blizzard demon.

Vanquished Creatures
  Frances (D:12)
  Donald (Spider:2)
  A tengu reaver (D:13)
  Kirke (Lair:5)
  An orc warlord (Orc:2)
  A ghost moth (Spider:2)
  3 emperor scorpions
  4 entropy weavers
  2 spark wasps
  A minotaur (Lab)
  A fire dragon (D:14)
  An ogre mage (D:15)
  A yaktaur captain (D:15)
  Erolcha (D:12)
  9 hydras
  Harold (Lair:4)
  12 dancing weapons
  A catoblepas (Lair:3)
  5 centaur warriors
  Erica (D:8)
  A death knight (D:13)
  7 two-headed ogres
  5 orc high priests
  Urug (D:12)
  Nergalle (Lair:4)
  A fire crab (Lair:4)
  9 deep elf knights (Elf:2)
  A sun demon (Lair:6)
  4 unseen horrors
  A phantasmal warrior (D:13)
  6 orc knights (Orc:2)
  A wizard (Lair:6)
  6 deep elf archers
  4 orc sorcerers (Orc:2)
  11 orb spiders
  4 manticores
  27 wolf spiders
  4 cyclopes
  32 deep elf magi
  3 ugly things
  3 moths of wrath
  Maurice (D:9)
  A merfolk siren (Lair:3)
  5 elephants
  5 black mambas
  2 orange demons (Lair:6)
  11 spiny frogs
  6 rime drakes
  A gargoyle (D:11)
  3 efreet
  3 kobold demonologists (D:13)
  10 demonic crawlers
  2 yaktaurs
  3 ice devils (Lair:6)
  5 komodo dragons
  A hellwing (Lair:6)
  29 jumping spiders
  A wind drake (shapeshifter) (D:14)
  A polar bear (Lair:2)
  A jumping spider (shapeshifter) (D:13)
  3 meliai (D:15)
  Grinder (D:6)
  4 trolls
  19 blink frogs
  2 hornets (Spider:4)
  11 slime creatures
  11 hippogriffs
  A water elemental (Elf:2)
  4 wraiths
  A vampire (D:14)
  5 hogs (Lair:5)
  90 redbacks
  28 tarantellas
  6 wyverns
  36 yaks
  4 basilisks
  2 fire elementals
  4 vampire mosquitoes
  6 hungry ghosts
  A steam dragon (D:14)
  3 acid dragons
  7 wargs
  5 hell hounds (Lair:6)
  8 water moccasins
  9 porcupines
  6 ice beasts
  3 black bears
  46 orc warriors
  3 sky beasts
  A hornet zombie (D:9)
  An eye of draining (D:13)
  4 necrophages
  27 ogres
  13 wolves (Lair:2)
  13 centaurs
  10 crocodiles
  9 big kobolds
  Blork the orc (D:6)
  21 bullfrogs
  A wyvern zombie (D:13)
  An earth elemental (Elf:1)
  4 scorpions
  4 killer bees (D:9)
  19 wights
  7 howler monkeys
  An electric eel (Lair:5)
  8 crimson imps
  3 centaur zombies
  A quasit (D:13)
  4 hounds
  3 bullfrog skeletons
  39 orc priests
  8 centaur skeletons
  6 jellies
  26 orc wizards
  3 bullfrog zombies
  5 iguanas
  7 worker ants
  2 hell rats (Lair:5)
  2 hound skeletons
  4 mummies (D:10)
  A howler monkey zombie (D:10)
  A worker ant zombie (D:9)
  16 adders
  3 gnolls (D:6)
  7 river rats (Lair:5)
  4 shadow imps
  2 oozes
  4 worms
  2 dart slugs
  4 leopard geckos
  134 orcs
  4 bats
  6 giant cockroaches
  6 hobgoblins
  22 jackals
  4 quokkas
  4 frilled lizards
  10 goblins
  A jackal skeleton (D:6)
  34 kobolds
  8 rats
  A butterfly (Lair:5)
  7 fungi
  A plant (Lair:5)
1145 creatures vanquished.

Vanquished Creatures (others)
  143 fulminant prisms
  29 fungi
  15 plants
187 creatures vanquished.

Grand Total: 1332 creatures vanquished

Notes
Turn   | Place    | Note
-------+----------+-------------------------------------------
     0 | D:1      | lorenzova the Deep Elf Conjurer began the quest for the Orb.
     0 | D:1      | Reached XP level 1. HP: 10/10 MP: 6/6
   157 | D:1      | Reached XP level 2. HP: 15/15 MP: 6/8
   161 | D:1      | Learned a level 2 spell: Searing Ray
   751 | D:1      | Reached skill level 5 in Conjurations
   969 | D:2      | Reached XP level 3. HP: 19/19 MP: 7/10
  1022 | D:2      | Reached skill level 4 in Spellcasting
  1413 | D:2      | Found a burning altar of Makhleb.
  1413 | D:2      | Noticed a balrug
  1444 | D:2      | Found a faded altar of an unknown god.
  1453 | D:2      | Reached XP level 4. HP: 24/24 MP: 8/12
  1459 | D:2      | Learned a level 4 spell: Iskenderun's Mystic Blast
  1531 | D:2      | Found a deep blue altar of Sif Muna.
  1598 | D:2      | Became a worshipper of Sif Muna the Loreminder
  2074 | D:3      | Reached skill level 5 in Spellcasting
  2119 | D:3      | Reached XP level 5. HP: 24/28 MP: 3/14
  2733 | D:3      | Noticed bgiannan's ghost (amateur BaFi)
  2994 | D:3      | You fall through a shaft!
  3116 | D:4      | Reached * piety under Sif Muna
  3127 | D:4      | Reached skill level 6 in Spellcasting
  3132 | D:4      | Reached XP level 6. HP: 32/32 MP: 0/17
  3138 | D:4      | Learned a level 4 spell: Fulminant Prism
  3316 | D:4      | Reached skill level 1 in Hexes
  3326 | D:4      | Found Etzoul's Gadget Shoppe.
  3642 | D:4      | Noticed an ice beast
  3659 | D:4      | Reached skill level 7 in Spellcasting
  3659 | D:4      | Reached XP level 7. HP: 36/36 MP: 0/19
  4782 | D:5      | Entered Level 5 of the Dungeon
  4895 | D:5      | Reached skill level 8 in Spellcasting
  5326 | D:5      | Reached ** piety under Sif Muna
  5486 | D:5      | Got a steaming dagger
  5487 | D:5      | Identified the +9 dagger of Might {pierce, rF- Str-3 Int+7 Stlth+} (You found it on level 5 of the Dungeon)
  5719 | D:6      | Noticed a hippogriff
  5850 | D:6      | Found Dovarusm's General Store.
  5884 | D:6      | Reached XP level 8. HP: 41/41 MP: 15/22
  5906 | D:6      | Noticed Grinder
  6091 | D:6      | Killed Grinder
  6091 | D:6      | Reached skill level 9 in Spellcasting
  6332 | D:6      | Killed a hippogriff
  6457 | D:6      | Reached skill level 5 in Hexes
  6473 | D:6      | Reached skill level 10 in Spellcasting
  6705 | D:6      | Reached *** piety under Sif Muna
  6755 | D:6      | Noticed Blork the orc
  6764 | D:6      | Killed Blork the orc
  6767 | D:6      | Reached XP level 9. HP: 45/45 MP: 10/25
  7455 | D:7      | Reached skill level 10 in Conjurations
  7455 | D:7      | Reached skill level 1 in Invocations
  7522 | D:7      | Found a staircase to the Ecumenical Temple.
  7525 | D:7      | Found a hide-covered altar of Uskayaw.
  7943 | D:7      | Reached skill level 11 in Spellcasting
  8208 | D:8      | Reached **** piety under Sif Muna
  8586 | D:8      | Noticed Erica
  8597 | D:8      | Killed Erica
  8698 | D:8      | Noticed a two-headed ogre
  8859 | D:8      | Killed a two-headed ogre
  8859 | D:8      | Reached skill level 12 in Spellcasting
  8859 | D:8      | Reached XP level 10. HP: 50/50 MP: 14/28
  9235 | D:9      | Noticed Maurice
  9247 | D:9      | Killed Maurice
  9672 | D:9      | Reached ***** piety under Sif Muna
  9672 | D:9      | Received a gift from Sif Muna
  9677 | D:9      | Identified Deval's Reference Book on the Arsonist and Enhancements (Sif Muna gifted it to you on level 9 of the Dungeon)
  9864 | D:9      | Learned a level 5 spell: Iskenderun's Battlesphere
  9871 | D:9      | Learned a level 6 spell: Deflect Missiles
  9877 | D:9      | Learned a level 5 spell: Fireball
  9922 | D:9      | Found a shattered altar of Ashenzari.
  9985 | D:9      | Found a staircase to the Orcish Mines.
 10064 | D:9      | Noticed a two-headed ogre
 10067 | D:9      | Killed a two-headed ogre
 10067 | D:9      | Reached skill level 13 in Spellcasting
 10067 | D:9      | Reached skill level 1 in Fire Magic
 10067 | D:9      | Reached skill level 1 in Air Magic
 10067 | D:9      | Reached skill level 5 in Invocations
 10414 | D:9      | Found a sparkling altar of Nemelex Xobeh.
 10462 | D:10     | Entered Level 10 of the Dungeon
 10711 | D:10     | Killed an unseen horror
 10711 | D:10     | Reached XP level 11. HP: 23/54 MP: 8/30
 10854 | D:10     | Got a warped scale mail
 11860 | D:10     | Found Nanoin's Antique Armour Shop.
 11910 | D:10     | Bought a pair of embroidered boots for 292 gold pieces
 11910 | D:10     | Bought a glowing hat for 273 gold pieces
 12310 | D:11     | Found a staircase to the Lair.
 12351 | D:11     | Identified Sif Muna's Disquisition on the Unstable Snowflakes (Sif Muna gifted it to you on level 11 of the Dungeon)
 12351 | D:11     | Received a gift from Sif Muna
 12696 | D:11     | Reached skill level 5 in Charms
 13238 | Lair:1   | Entered Level 1 of the Lair of Beasts
 13803 | Lair:1   | Reached XP level 12. HP: 59/59 MP: 28/31
 14314 | Lair:1   | Noticed a five-headed hydra
 14318 | Lair:1   | Killed a five-headed hydra
 14318 | Lair:1   | Reached skill level 14 in Spellcasting
 14318 | Lair:1   | Reached skill level 5 in Fire Magic
 14515 | Lair:1   | Reached skill level 5 in Air Magic
 14685 | Lair:1   | Identified a scroll of acquirement
 14688 | Lair:1   | Got a brightly glowing steel ring
 14690 | Lair:1   | Identified the ring of the Insatiable Gods {rC- Int+4 Dex+4 Slay+4 SInv} (You acquired it on level 1 of the Lair of Beasts)
 15329 | Lair:2   | Identified Sif Muna's Collected Works on Stones (Sif Muna gifted it to you on level 2 of the Lair of Beasts)
 15329 | Lair:2   | Received a gift from Sif Muna
 16837 | Lair:3   | Found a hole to the Spider Nest.
 17012 | Lair:3   | Noticed a catoblepas
 17021 | Lair:3   | Killed a catoblepas
 17375 | Lair:3   | Found a staircase to the Shoals.
 17584 | Lair:4   | Reached XP level 13. HP: 62/63 MP: 11/33
 17589 | Lair:4   | Noticed Harold
 17590 | Lair:4   | Noticed Nergalle
 17784 | Lair:4   | Killed Harold
 17901 | Lair:4   | Killed Nergalle
 18955 | Lair:5   | Reached skill level 15 in Spellcasting
 19178 | Lair:5   | Identified Sif Muna's Grimoire of Captivating Toxins (Sif Muna gifted it to you on level 5 of the Lair of Beasts)
 19178 | Lair:5   | Received a gift from Sif Muna
 19276 | Lair:5   | Learned a level 3 spell: Portal Projectile
 19474 | Lair:5   | Reached skill level 1 in Translocations
 19489 | Lair:5   | Noticed Kirke
 19499 | Lair:5   | Killed Kirke
 20203 | Lair:6   | Entered Level 6 of the Lair of Beasts
 20203 | Lair:6   | Found a labyrinth entrance.
 20346 | Lab      | Entered a labyrinth
 21280 | Lab      | Noticed a minotaur
 21287 | Lab      | Killed a minotaur
 22023 | Lair:6   | Found a staircase to the Slime Pits.
 22309 | Lair:6   | Identified Gotwuk's Handbook of Venomous Weightlessness (Sif Muna gifted it to you on level 6 of the Lair of Beasts)
 22309 | Lair:6   | Received a gift from Sif Muna
 22319 | Lair:6   | Learned a level 5 spell: Lightning Bolt
 23598 | Lair:6   | Reached XP level 14. HP: 68/68 MP: 23/35
 23608 | Lair:6   | Reached skill level 10 in Charms
 24171 | Lair:6   | Reached skill level 1 in Armour
 24189 | Lair:6   | Reached skill level 5 in Translocations
 24317 | Lair:6   | Reached skill level 16 in Spellcasting
 24561 | Lair:6   | Found a burning altar of Makhleb.
 24568 | Lair:6   | Found a gateway to Hell.
 24961 | Orc:1    | Entered Level 1 of the Orcish Mines
 25132 | Orc:2    | Entered Level 2 of the Orcish Mines
 26115 | Orc:2    | Found a roughly hewn altar of Beogh.
 26361 | Orc:2    | Found Qoyprocashu's Antique Weapon Boutique.
 26370 | Orc:2    | Found Egutain's Food Shop.
 27167 | Orc:2    | Reached skill level 15 in Conjurations
 27228 | Orc:2    | Found a staircase to the Elven Halls.
 27315 | Orc:2    | Paralysed by an orc sorcerer for 7 turns
 27429 | Orc:2    | Learned a level 2 spell: Swiftness
 27749 | Orc:2    | Noticed an orc warlord
 27756 | Orc:2    | Killed an orc warlord
 28050 | Orc:2    | Found a roughly hewn altar of Beogh.
 28097 | Orc:2    | Received a gift from Sif Muna
 28316 | Orc:2    | Found Vudebb's Book Emporium.
 28736 | Orc:2    | Found Userres's Antique Weapon Shoppe.
 30785 | D:12     | Noticed Urug
 30808 | D:12     | Killed Urug
 30808 | D:12     | Reached skill level 17 in Spellcasting
 30846 | D:12     | Noticed Erolcha
 30853 | D:12     | Killed Erolcha
 31061 | D:12     | Noticed Frances
 31074 | D:12     | Killed Frances
 32052 | D:13     | Found a gate to the Vaults.
 32316 | D:13     | Reached XP level 15. HP: 71/72 MP: 35/38
 32377 | D:13     | Reached skill level 5 in Armour
 32517 | D:13     | Noticed a tengu reaver
 32526 | D:13     | Killed a tengu reaver
 33132 | D:13     | Received a gift from Sif Muna
 35903 | D:14     | Reached skill level 18 in Spellcasting
 36420 | D:15     | Entered Level 15 of the Dungeon
 36829 | D:15     | Found a blossoming altar of Fedhas.
 38003 | D:15     | Found a staircase to the Depths.
 38625 | Lair:1   | Identified the +5 scale mail of Yxturr {MR+ Str+4} (You found it on level 10 of the Dungeon)
 39118 | D:9      | Identified Sif Muna's Catalogue of Battle Magic and the Volcanoes (Sif Muna gifted it to you on level 9 of the Dungeon)
 39118 | D:9      | Received a gift from Sif Muna
 39442 | Elf:1    | Entered Level 1 of the Elven Halls
 40201 | Elf:1    | Reached XP level 16. HP: 76/76 MP: 29/40
 40899 | Elf:2    | Found a magical portal.
 40927 | WizLab   | Entered Doroklohe's Tomb
 40950 | WizLab   | HP: 2/76 [juggernaut zombie (10)]
 41475 | Elf:2    | Reached skill level 19 in Spellcasting
 41893 | Elf:2    | Found a huge runed gate.
 41893 | Elf:2    | Found a huge runed gate.
 41893 | Elf:2    | Found a huge runed gate.
 41893 | Elf:2    | Found a huge runed gate.
 41894 | Elf:2    | Found a huge runed gate.
 42012 | Elf:2    | Reached skill level 10 in Fire Magic
 42024 | Elf:2    | Noticed Andry07's ghost (adept GrFi)
 42414 | Elf:2    | HP: 1/76 [Andry07's ghost (4)]
 43363 | D:6      | Bought the cursed +1 hand axe of Makhleb's Regard {vamp, rPois SInv Stlth-} for 375 gold pieces
 43603 | Spider:1 | Entered Level 1 of the Spider Nest
 43609 | Spider:1 | Received a gift from Sif Muna
 45444 | Spider:1 | HP: 3/76 [poisoned by an emperor scorpion]
 45451 | Spider:1 | HP: 3/76 [poisoned by an emperor scorpion]
 45459 | Spider:1 | HP: 2/76 [poisoned by an emperor scorpion]
 45897 | Spider:2 | Reached skill level 20 in Spellcasting
 46460 | Spider:2 | Noticed Donald
 46464 | Spider:2 | Killed Donald
 46588 | Spider:2 | Reached XP level 17. HP: 80/80 MP: 40/43
 46885 | Spider:2 | Identified Sif Muna's Reference Book on Mutagenic Calling (Sif Muna gifted it to you on level 2 of the Spider Nest)
 46885 | Spider:2 | Received a gift from Sif Muna
 48085 | Spider:3 | Reached ****** piety under Sif Muna
 49487 | Spider:4 | Entered Level 4 of the Spider Nest
 50038 | Spider:4 | Received a gift from Sif Muna
 50041 | Spider:4 | Identified Sif Muna's Grimoire of Conjuration (Sif Muna gifted it to you on level 4 of the Spider Nest)
 50050 | Spider:3 | Learned a level 4 spell: Sticky Flame
 50057 | Spider:3 | Learned a level 6 spell: Bolt of Fire
 50065 | Spider:3 | Learned a level 7 spell: Orb of Destruction
 50517 | Spider:4 | Noticed Asterion
 50534 | Spider:4 | Killed from afar by a blizzard demon

Skill      XL: |  1  2  3  4  5  6  7  8  9 10 11 12 13 14 15 16 17 |
---------------+----------------------------------------------------+-----
Conjurations   | 5 6 7 8 9 11 12 13 14 15 16 17 18 | 18.4
Spellcasting   | 4 5 6 7 8 10 12 13 14 15 17 18 20 | 20.7
Hexes          | 2 3 5 7 8 |  8.3
Invocations    | 3 5 6 7 8 |  8.8
Charms         | 3 6 8 9 10 | 10.1
Fire Magic     | 2 4 7 8 9 11 12 | 12.4
Air Magic      | 1 4 6 7 |  7.1
Translocations | 4 5 7 8 |  8.7
Armour         | 4 7 |  7.2
Dodging        | |  2.8
Stealth        | |  2.4

Action                   |  1- 3 |  4- 6 |  7- 9 | 10-12 | 13-15 | 16-18 || total
-------------------------+-------+-------+-------+-------+-------+-------++-------
Melee: Short sword       |     9 |    22 |       |       |       |       ||    31
       Mace              |       |     5 |    17 |    10 |    15 |       ||    47
 Cast: Magic Dart        |    73 |    94 |   130 |   215 |   578 |   289 ||  1379
       Iskenderun's Myst |       |    11 |    58 |   150 |   294 |   152 ||   665
       Searing Ray       |       |     2 |       |       |       |       ||     2
       Fulminant Prism   |       |     2 |    15 |    47 |    60 |    19 ||   143
       Iskenderun's Batt |       |       |       |    35 |   193 |   103 ||   331
       Fireball          |       |       |       |     4 |    19 |    32 ||    55
       Lightning Bolt    |       |       |       |       |    31 |    10 ||    41
       Deflect Missiles  |       |       |       |       |     3 |     1 ||     4
       Swiftness         |       |       |       |       |     3 |       ||     3
       Orb of Destructio |       |       |       |       |       |    13 ||    13
Invok: Divine Energy     |       |       |       |     2 |       |       ||     2
       Stop Divine Energ |       |       |       |     2 |       |       ||     2
       Channel Magic     |       |       |       |       |     2 |     4 ||     6
  Use: Scroll            |       |     1 |     5 |    19 |    10 |    11 ||    46
       Potion            |       |       |     4 |     1 |     3 |     5 ||    13
 Stab: Sleeping          |       |     4 |       |       |       |       ||     4
  Eat: Chunk             |     1 |     5 |    13 |    26 |    49 |    14 ||   108
       Fruit             |       |     3 |     3 |     3 |    24 |    27 ||    60
       Royal jelly       |       |       |     1 |       |       |       ||     1
Armor: Robe              |     6 |     8 |    14 |     7 |       |       ||    35
       Ring mail         |       |       |       |    44 |    63 |       ||   107
       Scale mail        |       |       |       |       |     1 |    65 ||    66
Dodge: Dodged            |    13 |    30 |    27 |    50 |    71 |    41 ||   232
       Deflected         |       |       |       |       |    35 |     9 ||    44
Block: Buckler           |       |       |       |       |       |    23 ||    23
